 Dungeon Crawl Stone Soup version 0.27-a0-242-ge0fc76b88b (webtiles) character file.

Game seed: 7974008838725685005

42 Borgoz the Ducker (level 3, -6/30 HPs)
             Began as a Ghoul Gladiator on Feb 2, 2021.
             Was an Initiate of Ashenzari.
             Mangled by a goblin
             ... wielding a +0 club
             ... led by Robin
              (8 damage)
             ... on level 1 of the Dungeon.
             The game lasted 00:01:32 (1010 turns).

Borgoz the Ducker (Ghoul Gladiator)                 Turns: 1010, Time: 00:01:33

Health: -6/30      AC:  4    Str: 17    XL:     3   Next: 56%
Magic:  2/2        EV: 12    Int:  3    God:    Ashenzari [......]
Gold:   58         SH:  0    Dex: 11    Spells: 2/2 levels left

rFire    . . .     SeeInvis .   a - +0 long sword
rCold    + . .     Faith    .   (no shield)
rNeg     + + +     Spirit   .   b - +0 leather armour
rPois    ∞         Reflect  .   c - +0 helmet
rElec    .         Harm     .   (no cloak)
rCorr    .         Rampage  .   (no gloves)
Will     .....                  (no boots)
Stlth    +.........             (no amulet)
HPRegen  0.00/turn              (no ring)
MPRegen  0.08/turn              (no ring)

@: flying
A: claws 1, cold resistance 1, negative energy resistance 3, inhibited
regeneration, torment resistance, unbreathing
a: Renounce Religion, Curse Item


You were on level 1 of the Dungeon.
You worshipped Ashenzari.
Ashenzari was noncommittal.
You visited 1 branch of the dungeon, and saw 2 of its levels.

You collected 58 gold pieces.

Inventory:

Hand Weapons
 a - a +0 long sword (weapon)
Missiles
 d - 2 throwing nets (quivered)
Armour
 b - a +0 leather armour (worn)
 c - a +0 helmet (worn)
Scrolls
 e - 2 scrolls of teleportation {unknown}
 f - a scroll of fear {unknown}
 j - a scroll of magic mapping {unknown}
Potions
 h - a potion of heal wounds {unknown}
 i - a potion of cancellation {unknown}
 k - a potion of berserk rage {unknown}


   Skills:
 + Level 2.6 Fighting
 * Level 3.1 Long Blades
 - Level 1.7 Throwing
 + Level 0.9 Armour
 * Level 3.2 Dodging


You had 2 spell levels left.
You didn't know any spells.
Your spell library was empty.

Dungeon Overview and Level Annotations

Branches:
Dungeon (2/15)

Altars:
Ashenzari

Annotations:
D:1 Robin


Innate Abilities, Weirdness & Mutations

You thrive by killing the living.
You are immune to poison.
You have sharp fingernails.
Your flesh is cold resistant. (rC+)
You are immune to negative energy. (rN+++)
You do not regenerate when monsters are visible.
You are immune to unholy pain and torment.
You can survive without breathing.


Message History

Aim: Robin, wielding a +0 whip, wearing a +0 animal skin, wearing a +1 helmet and carrying a wand of digging (1) (64% to hit)
You throw a throwing net. The throwing net hits Robin.
Robin is caught in the net!
The goblin closely misses you.
Robin says, "My goblins will feast on your bones."
Robin struggles against the net.
The goblin barely misses you.
You riposte.
You slash the goblin!
You kill the goblin!
You hit Robin.
Robin is moderately wounded.
You hit Robin.
Robin is heavily wounded.
Robin struggles against the net.
The goblin hits you with a +0 club.
* * * LOW HITPOINT WARNING * * *
The goblin hits you with a +0 club.
* * * LOW HITPOINT WARNING * * *
You hit Robin but do no damage.
Robin is heavily wounded.
Robin struggles against the net.
The goblin hits you with a +0 club!
You die...

##############
#............#
#.##########.# #.....#
#.# #####.#
#g################ #.#
#@g.....÷......... #.#
#g#......#########
#.######.#.####+########
#......#.#.##..........#
#......#.#.##..........##
#......#....+..........'.
#..........##.......(..##
#..........##........).#
#..........##..........#


You could see Robin (caught) and 2 goblins.

Vanquished Creatures
  2 oozes (D:1)
  2 leopard geckos (D:1)
  5 bats (D:1)
  A giant cockroach (D:1)
  5 goblins (D:1)
  3 hobgoblins (D:1)
  4 kobolds (D:1)
  4 frilled lizards (D:1)
  3 rats (D:1)
29 creatures vanquished.

Notes
Turn   | Place    | Note
-------+----------+-------------------------------------------
     0 | D:1      | Borgoz the Ghoul Gladiator began the quest for the Orb.
     0 | D:1      | Reached XP level 1. HP: 17/17 MP: 0/0
   373 | D:1      | Reached XP level 2. HP: 25/25 MP: 1/1
   511 | D:1      | Reached XP level 3. HP: 21/30 MP: 2/2
   593 | D:1      | Found a broken altar of Ashenzari.
   621 | D:1      | Became a worshipper of Ashenzari the Shackled
   998 | D:2      | Noticed Robin
  1010 | D:1      | Mangled by a goblin

Illustrated notes

Levels and vault maps discovered:
D:1:      lemuel_arrival_room, layout_basic, evilmike_ruin_ashenzari
D:2:      layout_rooms, lemuel_old_faithful, uniq_robin

Skill      XL: |  1  2 |
---------------+-------+-----
Dodging        | 3 |  3.2
Long Blades    | 3 |  3.1
Fighting       | |  2.6
Throwing       | |  1.7
Armour         | |  0.9

Action                   || total
-------------------------++-------
Melee: Long sword        ||    71
Throw: Throwing net      ||     1
  Use: Potion            ||     1
Armor: Leather armour    ||    48
Dodge: Dodged            ||    98
       Rpst.: Long sword ||    42

Table legend: (Time is in decaauts)
 A = Elapsed time spent in this place.
 B = Non-inter-level travel time spent in this place.
 C = Inter-level travel time spent in this place.
 D = Time resting spent in this place.
 E = Time spent auto-exploring this place.
 F = Levels seen in this place.
 G = Mean time per level.
                   A        B        C        D        E       F      G
               +--------+--------+--------+--------+--------+-----+--------+
         Total |   1028 |    992 |     36 |    270 |    525 |   2 |  514.0 |
       Dungeon |   1028 |    992 |     36 |    270 |    525 |   2 |  514.0 |
               +--------+--------+--------+--------+--------+-----+--------+

Top non-repeatable levels by time:
     D:1: 1027 daAuts
     D:2: 1 daAuts
